 Dungeon Crawl Stone Soup version 0.18-a0-1718-g40ea4b6 (console) character file.

284464 sorlin the Tortoise (level 19, 0/170 HPs)
             Began as a Minotaur Gladiator on Apr 7, 2016.
             Was the Champion of Yredelemnul.
             Splashed by an acid blob's acid (5 damage)
             ... on level 5 of the Pits of Slime on Apr 8, 2016.
             The game lasted 03:32:15 (57173 turns).

sorlin the Tortoise (Minotaur Gladiator)           Turns: 57173, Time: 03:32:16

Health: 0/170      AC: 21    Str: 18    XL:     19   Next: 78%
Magic:  39/39      EV: 14    Int: 11    God:    Yredelemnul [******]
Gold:   3022       SH:  0    Dex: 13    Spells: 4 memorised, 10 levels left

rFire  . . .     SeeInvis +     a - +2 great mace (freeze)
rCold  + + .     Gourm    .     b - +6 storm dragon armour of Honesty {rElec rPois Int+3}
rNeg   + . .     Faith    .     (shield currently unavailable)
rPois  +         Spirit   .     (helmet restricted)
rElec  +         Dismiss  .     Y - +1 cloak {MR+}
rCorr  +         Reflect  .     l - +2 pair of gloves
SustAt .         Harm     .     L - +0 pair of boots
MR     +++..                    c - amulet "Guiq" {RegenMP rPois MR+ MP+9}
Stlth  ..........               S - ring of the Final Decision {Ice rElec rN+ Str-5 SInv}
                                P - +4 ring of protection {=R}

@: resistant, corroded, very slightly contaminated, extremely resistant to
hostile enchantments, extremely unstealthy
A: retaliatory headbutt, horns 2, electricity resistance, MP-powered wands
a: Recall Undead Slaves, Injury Mirror, Animate Dead, Drain Life, Enslave Soul,
Renounce Religion
}: 2/15 runes: decaying, gossamer


You were on level 5 of the Pits of Slime.
You worshipped Yredelemnul.
Yredelemnul was exalted by your worship.
You were hungry.

You visited 8 branches of the dungeon, and saw 43 of its levels.
You also visited: Labyrinth, Bailey, Ice Cave and Volcano.

You collected 4738 gold pieces.
You spent 1716 gold pieces at shops.


Innate Abilities, Weirdness & Mutations

You reflexively headbutt those who attack you in melee.
You have a pair of horns on your head.
You are resistant to electric shocks.
You expend magic power (3 MP) to strengthen your wands.


   Skills:
 - Level 15.0 Fighting
 - Level 20.0 Maces & Flails
 - Level 2.0 Throwing
 - Level 20.3 Armour
 - Level 13.0 Dodging
 - Level 16.0 Invocations
 + Level 11.4 Evocations


You had 10 spell levels left.
You knew the following spells:

 Your Spells              Type           Power        Failure   Level  Hunger
b - Blink                 Tloc           N/A          99%         2    ###....
g - Passwall              Trmt/Erth      #.........   99%         2    ###....
s - Apportation           Tloc           #.........   98%         1    ##.....
z - Regeneration          Chrm/Necr      #.........   100%        3    ####...

Inventory:

Hand Weapons
 a - a +2 great mace of freezing (weapon)
   (You took it off an orc warrior on level 2 of the Orcish Mines)
Missiles
 d - 5 throwing nets (quivered)
 s - 14 javelins
Armour
 b - the +6 storm dragon armour of Honesty (worn) {rElec rPois Int+3}
   (You acquired it in a bailey)

   It affects your intelligence (+3).
   It insulates you from electricity.
   It protects you from poison.
 l - a +2 pair of gloves (worn)
 L - a +0 pair of boots (worn)
 Y - a +1 cloak of magic resistance (worn)
   (You found it in an ice cave)
Rods
 W - a +3 rod of ignition (13/13) {!a@w1}
   (You found it on level 8 of the Lair of Beasts)
Jewellery
 c - the amulet "Guiq" (around neck) {RegenMP rPois MR+ MP+9}
   (You bought it in a shop on level 7 of the Dungeon)

   [amulet of magic regeneration]

   It increases your magic regeneration.
   It protects you from poison.
   It affects your resistance to hostile enchantments.
   It affects your magic capacity (+9).
 K - the ring "Qotytiche" {rF+ EV+3 Stlth+}
   (You bought it in a shop on level 7 of the Dungeon)

   [ring of evasion]

   It affects your evasion (+3).
   It protects you from fire.
   It makes you more stealthy.
 P - a +4 ring of protection (left hand) {=R}
 S - the ring of the Final Decision (right hand) {Ice rElec rN+ Str-5 SInv}
   (You found it on level 2 of the Lair of Beasts)

   [ring of ice]

   It enhances your ice magic, and weakens your fire magic.
   It affects your strength (-5).
   It makes you vulnerable to fire.
   It protects you from cold.
   It insulates you from electricity.
   It protects you from negative energy.
   It lets you see invisible.
 X - the amulet of Wereafaf {RegenMP rF+++ MR- Str+6 Dex-2}
   (You found it in a labyrinth)

   [amulet of magic regeneration]

   It increases your magic regeneration.
   It affects your strength (+6).
   It affects your dexterity (-2).
   It renders you almost immune to fire.
   It affects your resistance to hostile enchantments.
Wands
 i - a wand of disintegration (11/24)
 k - a wand of confusion (32/48)
 y - a wand of digging (11/24)
 B - a wand of heal wounds (8/9) {!d}
 G - a wand of teleportation (9/9) {!d}
Scrolls
 e - 14 scrolls of remove curse
 h - 6 scrolls of fog
 j - 8 scrolls of teleportation {!r}
 o - 4 scrolls of silence {!r}
 v - 4 scrolls of magic mapping {!r}
 C - 4 scrolls of fear {!r}
 D - 2 scrolls of immolation {!r}
 M - 3 scrolls of identify
 O - 2 scrolls of recharging
Potions
 g - 2 potions of invisibility {!q}
 m - 6 potions of agility {!q}
 u - 5 potions of haste {!q}
 z - 8 potions of curing
 E - 5 potions of cure mutation {!q}
 F - 4 potions of berserk rage {!q}
 H - 5 potions of brilliance {!q}
 J - 2 potions of might {!q}
 T - 4 potions of cancellation {!q}
 Z - 3 potions of resistance {!q}
Miscellaneous
 r - a lamp of fire
 t - a legendary deck of wonders {the Alchemist, drawn: 4}
 w - a box of beasts {used: 1}
 A - a box of beasts {used: 1}
 N - a sack of spiders {used: 3}
 Q - a sack of spiders {used: 2}
 R - a phantom mirror
 U - a fan of gales
 V - a stone of tremors
Comestibles
 f - 12 bread rations {!e}
 I - 14 meat rations {!e}


Message History

* * * LOW HITPOINT WARNING * * *
You take 32 damage.
Evoke which item? (* to show all) (? for menu, Esc to quit)
Okay, then.
Drink which item? (? for menu, Esc to quit)
Really quaff
x - a potion of heal wounds {!q}?
You feel much better. The acid blob closely misses you.
Drink which item? (? for menu, Esc to quit)
Okay, then.
Read which item? (? for menu, Esc to quit)
Really read
C - 6 scrolls of fear {!r}?
As you read the scroll of fear {!r}, it crumbles to dust.
You assume a fearsome visage.
The acid blob resists with almost no effort.
The acid blob hits you but does no damage.
Read which item? (? for menu, Esc to quit)
Blink to where?
You are very lightly contaminated with residual magic.
As you read the scroll of blinking, it crumbles to dust.
The acid blob barely misses you. The acid blob spits acid at you.
The splash of acid hits you! The acid corrodes you!
The acid burns!
* * * LOW HITPOINT WARNING * * *
You climb upwards.
There is a stone staircase leading down, spattered with blood here.
You take 10 damage.
Read which item? (? for menu, Esc to quit)
Really read
C - 5 scrolls of fear {!r}?
As you read the scroll of fear {!r}, it crumbles to dust.
You assume a fearsome visage.
The acid blob resists with almost no effort.
The acid blob barely misses you.
Read which item? (? for menu, Esc to quit)
Okay, then.
Drink which item? (? for menu, Esc to quit)
Really quaff
F - 4 potions of berserk rage {!q}?
Drink which item? (? for menu, Esc to quit)
You don't have any such object.
Drink which item? (? for menu, Esc to quit)
You don't have any such object.
Drink which item? (? for menu, Esc to quit)
Okay, then.
Drink which item? (? for menu, Esc to quit)
Really quaff
Z - 4 potions of resistance {!q}?
You feel protected. The acid blob hits you!!
* * * LOW HITPOINT WARNING * * *
You are splashed with acid!
The acid corrodes you!
The acid burns!
You resist.
You die...
Your body rises from the dead as a mindless zombie.

.....#.........## ##
.......#........# ##.##
...............###....#
................#....##
......................##
......#.<..............#
........................#
.................#.......
#.................#......
##.....[.J...#...........
#.......@..#####.##..##..
##...##...## ### ### .
#### ##.## ###


You could see an acid blob.

Vanquished Creatures
  2 bone dragons (Slime:6)
  An Ice Fiend (IceCv)
  A deep elf blademaster (Elf:3)
  2 deep elf master archers (Elf:3)
  2 acid blobs (Slime:6)
  A quicksilver dragon (shapeshifter) (Elf:3)
  A thorn hunter (Swamp:2)
  2 ghost moths
  Donald (Swamp:2)
  2 azure jellies (Slime:6)
  3 deep elf elementalists (Elf:3)
  A deep elf sorcerer (Elf:3)
  An emperor scorpion (Spider:1)
  2 ghouls (Slime:6)
  A stone giant (Orc:1)
  A deep elf annihilator (Elf:3)
  3 deep elf death magi
  2 death oozes (Slime:6)
  Snorg (D:14)
  A vault guard (D:13)
  2 deep elf high priests (Elf:3)
  A minotaur (Lab)
  Josephine (Lair:5)
  14 hydras
  2 great orbs of eyes
  2 ghost crabs (Swamp:4)
  An entropy weaver (Spider:1)
  Harold (Lair:2)
  2 alligators
  A centaur warrior (Orc:2)
  3 catoblepae
  10 dancing weapons
  6 death yaks (Lair:8)
  An orc high priest (Orc:2)
  Urug (D:14)
  A spriggan (Swamp:2)
  2 deep elf knights
  Nergalle (Lair:3)
  3 skeletal warriors
  2 large abominations
  2 unseen horrors (D:13)
  3 swamp dragons (Swamp:4)
  3 hill giants
  A phantasmal warrior (D:12)
  5 deep elf archers
  2 shambling mangroves (Swamp:2)
  6 orb spiders
  40 deep elf magi
  6 orc knights
  A wolf spider zombie (D:12)
  2 hornets (Spider:4)
  An orc sorcerer (Bailey)
  2 griffons
  2 moths of wrath
  A salamander (D:15)
  8 wolf spiders
  A cyclops (D:15)
  A manticore (D:13)
  An elephant (Lair:7)
  The ghost of mibe the Slicer, a novice VSBe of Trog (D:8)
  9 ugly things (D:14)
  4 shining eyes
  Joseph (D:7)
  A centaur zombie (D:12)
  2 black mambas
  2 eyes of devastation
  2 ice statues (IceCv)
  A torpor snail (Spider:3)
  A gargoyle (D:13)
  10 spiny frogs
  2 rime drakes
  3 komodo dragons
  A kobold demonologist (Bailey)
  10 ice devils (IceCv)
  15 demonic crawlers
  The ghost of superterranean the Chopper, a novice VSCK of Xom (D:3)
  9 trolls
  A minotaur zombie (Lab)
  A giant leech (Swamp:3)
  5 jumping spiders
  2 anaconda simulacra (IceCv)
  4 two-headed ogres
  A queen bee (Lair:1)
  A polar bear (Lair:4)
  A boulder beetle (Lair:8)
  7 blink frogs
  Prince Ribbit (Lair:2)
  2 bog bodies (Swamp:4)
  41 slime creatures
  2 air elementals
  30 redbacks
  2 shadows
  2 water elementals
  2 wyverns
  6 wraiths
  15 tarantellas
  A dire elephant simulacrum (IceCv)
  60 yaks
  5 basilisks
  A basilisk (shapeshifter) (D:14)
  A fire bat (Volcano)
  A fire elemental (Elf:2)
  11 hippogriffs
  7 hungry ghosts
  2 hogs (Volcano)
  9 vampire mosquitoes
  An iron troll simulacrum (IceCv)
  5 swamp worms
  4 wargs (Orc:2)
  A mottled dragon (D:12)
  5 harpy simulacra (IceCv)
  A soldier ant (D:10)
  16 porcupines
  14 water moccasins
  3 sky beasts
  47 orc warriors
  2 ice beasts
  3 wasps
  5 swamp drakes
  3 phantoms
  An ettin simulacrum (IceCv)
  3 eyes of draining
  13 ogres
  5 wolves (Lair:1)
  21 centaurs
  11 crocodiles
  2 big kobolds
  9 giant frogs
  An elf zombie (Elf:1)
  An earth elemental (Elf:1)
  2 wyvern zombies
  2 gnoll sergeants
  4 scorpions
  36 killer bees
  4 wights (D:7)
  A howler monkey (D:4)
  2 electric eels
  6 crimson imps
  5 giant frog zombies
  3 hounds
  A quasit (D:11)
  3 centaur skeletons
  11 jellies
  3 giant frog skeletons
  15 orc priests
  Crazy Yiuf (D:2)
  Terence (D:2)
  13 iguanas
  10 orc wizards
  10 worker ants
  22 sheep
  A hound zombie (D:8)
  A hound skeleton (D:8)
  A worker ant zombie (D:9)
  15 adders
  11 gnolls
  A gnoll (shapeshifter) (D:15)
  55 river rats
  7 shadow imps
  3 white imps
  An ooze (D:2)
  2 adder skeletons
  14 worms
  A dart slug (D:1)
  5 giant geckos
  91 orcs
  5 ball pythons
  7 giant cockroaches
  14 goblins
  14 hobgoblins
  9 jackals
  6 quokkas
  10 bats
  6 giant newts
  2 jackal zombies (D:5)
  9 kobolds
  9 rats
  A crawling corpse (Elf:3)
  A fungus (D:2)
1109 creatures vanquished.

Vanquished Creatures (collateral kills)
  the Royal Jelly (Slime:6)
  Arachne (Spider:3)
  A bone dragon (Slime:6)
  Jorgrun (Swamp:4)
  2 deep elf master archers (Elf:3)
  2 deep elf blademasters
  17 acid blobs
  Frances (Swamp:2)
  3 thorn hunters
  14 azure jellies
  3 deep elf sorcerers (Elf:3)
  Aizul (Swamp:2)
  8 emperor scorpions
  A ghost moth (Spider:4)
  A deep elf elementalist (Elf:3)
  A ghoul (Slime:6)
  Nessos (Lair:5)
  A deep elf demonologist (Elf:3)
  A deep elf annihilator (Elf:3)
  2 spark wasps (Spider:4)
  The ghost of johnl023 the Dwarven Catastrophe, a journeyman DDFi of Qazlal (Lair:4)
  A deep elf high priest (Elf:3)
  4 deep elf death magi (Elf:3)
  3 death oozes
  An entropy weaver (Spider:3)
  Fannar (Lair:3)
  19 hydras
  An ogre mage (D:15)
  2 catoblepae
  2 centaur warriors
  14 alligators
  19 dancing weapons
  3 death knights
  5 death yaks (Lair:8)
  2 spriggan berserkers (Swamp:4)
  A tengu warrior (D:15)
  2 spriggans
  8 deep elf knights
  A skeletal warrior (D:14)
  2 shambling mangroves
  An unseen horror (D:15)
  A giant orange brain (Slime:6)
  A spriggan druid (Swamp:4)
  6 swamp dragons
  12 orb spiders
  5 deep elf archers
  2 hill giants
  31 deep elf magi
  19 wolf spiders
  5 shining eyes
  A necromancer (Elf:1)
  6 hornets
  2 ugly things
  2 large abominations
  A cyclops (D:15)
  74 slime creatures
  2 centaur zombies
  4 moths of wrath
  2 elephants (Lair:7)
  A black mamba (Lair:5)
  An eye of devastation (Slime:2)
  5 spiny frogs
  2 gargoyles
  A torpor snail (Spider:4)
  2 centaur skeletons (D:15)
  A rime drake (Lair:8)
  14 demonic crawlers
  2 komodo dragons
  A freezing wraith (D:12)
  20 jumping spiders
  A troll (Orc:1)
  4 polar bears (Lair:4)
  A wind drake (shapeshifter) (Elf:3)
  2 two-headed ogres
  4 giant leeches
  4 bog bodies
  A boulder beetle (Spider:3)
  2 blink frogs (Lair:6)
  49 redbacks
  2 air elementals (Elf:3)
  20 tarantellas
  A vampire (D:15)
  A wyvern (Lair:7)
  2 wraiths (Lair:5)
  A shadow (Swamp:2)
  A spriggan (shapeshifter) (D:15)
  2 water elementals (Elf:1)
  21 yaks
  A fire elemental (Elf:3)
  5 golden eyes (Slime:5)
  A basilisk (D:12)
  3 hippogriffs
  16 vampire mosquitoes
  A mottled dragon (D:14)
  11 swamp worms
  4 water moccasins
  5 porcupines
  8 swamp drakes
  6 eyes of draining
  7 orc warriors
  2 phantoms
  7 wasps
  10 centaurs
  4 ogres
  4 crocodiles
  2 elf zombies (Elf:1)
  2 giant frogs
  A big kobold (D:13)
  2 earth elementals
  2 scorpions (Spider:3)
  2 killer bees (D:13)
  4 electric eels (Bailey)
  4 crimson imps
  2 orc priests
  15 jellies
  6 orc wizards
  2 worker ants
  3 sheep
  A gnoll (Orc:1)
  31 river rats
  9 white imps (Spider:3)
  3 worms (Lair:5)
  13 orcs
  A bat (D:13)
  A jackal (D:11)
  3 briar patches (Swamp:4)
  3 crawling corpses (Elf:3)
  8 fungi
  5 plants
721 creatures vanquished.

Vanquished Creatures (others)
  the Royal Jelly (Slime:6)
  A profane servitor (Spider:4)
  A bone dragon (Spider:4)
  A deep elf blademaster (Elf:3)
  A deep elf sorcerer (Elf:3)
  An emperor scorpion (Spider:4)
  2 deep elf elementalists (Elf:3)
  A ghoul (Slime:6)
  3 deep elf demonologists
  A spectral rakshasa (Slime:5)
  A vampire knight (Elf:3)
  A deep elf death mage (Elf:3)
  A spectral human (Spider:3)
  An alligator (Swamp:4)
  A deep elf knight (Elf:3)
  A small abomination (Elf:3)
  5 skeletal warriors
  A spriggan druid (Swamp:4)
  4 flayed ghosts
  8 phantasmal warriors
  A deep elf archer (Elf:2)
  2 deep elf magi
  A spiny frog (Swamp:4)
  A demonic crawler (Spider:4)
  A death yak zombie (Lair:8)
  A jumping spider (Spider:3)
  A giant leech (Swamp:3)
  6 slime creatures
  7 flying skulls
  An air elemental (Elf:3)
  13 vampires
  4 wraiths
  A swamp worm (Swamp:4)
  An orc warrior (Orc:2)
  A wasp (Swamp:3)
  A wight (Lair:5)
  2 mummies
  A white imp (Spider:3)
  A sheep zombie (Lair:8)
  24 fungi
  13 plants
121 creatures vanquished.

Grand Total: 1951 creatures vanquished

Notes
Turn   | Place    | Note
--------------------------------------------------------------
     0 | D:1      | sorlin the Minotaur Gladiator began the quest for the Orb.
     0 | D:1      | Reached XP level 1. HP: 18/18 MP: 0/0
    37 | D:1      | Reached skill level 4 in Maces & Flails
    43 | D:1      | Reached XP level 2. HP: 25/25 MP: 1/1
   251 | D:1      | Reached skill level 5 in Maces & Flails
   416 | D:1      | Reached XP level 3. HP: 30/30 MP: 2/2
   725 | D:2      | Noticed Terence
   741 | D:2      | Killed Terence
   926 | D:2      | Found a radiant altar of Vehumet.
   940 | D:2      | Reached XP level 4. HP: 37/37 MP: 3/3
  1120 | D:2      | Reached skill level 6 in Maces & Flails
  1485 | D:2      | Noticed Crazy Yiuf
  1493 | D:2      | Killed Crazy Yiuf
  1582 | D:3      | Found an oddly glowing altar of Pakellas.
  1713 | D:3      | Reached XP level 5. HP: 42/42 MP: 4/4
  1847 | D:3      | Reached skill level 7 in Maces & Flails
  2507 | D:3      | Noticed superterranean's ghost (novice VSCK)
  2562 | D:3      | Killed superterranean's ghost
  2562 | D:3      | Reached skill level 9 in Maces & Flails
  2562 | D:3      | Reached XP level 6. HP: 37/50 MP: 5/5
  2930 | D:4      | Found a blossoming altar of Fedhas.
  2946 | D:4      | Found Huif's Antique Armour Emporium.
  3380 | D:4      | Reached skill level 1 in Armour
  3380 | D:4      | Reached XP level 7. HP: 46/56 MP: 6/6
  3487 | D:4      | Reached skill level 2 in Armour
  3767 | D:4      | Reached skill level 10 in Maces & Flails
  3828 | D:4      | Found Ikot's General Store.
  3831 | D:4      | Bought a scroll of blinking for 105 gold pieces
  4150 | D:5      | Entered Level 5 of the Dungeon
  4390 | D:5      | Reached skill level 3 in Armour
  4465 | D:5      | Found a staircase to the Ecumenical Temple.
  4471 | Temple   | Entered the Ecumenical Temple
  4478 | Temple   | Became a worshipper of Yredelemnul the Dark
  4564 | D:5      | Reached XP level 8. HP: 62/62 MP: 7/7
  4571 | D:5      | Reached skill level 4 in Armour
  4709 | D:5      | Reached skill level 5 in Armour
  4720 | D:5      | Found a glowing golden altar of the Shining One.
  5395 | D:6      | Reached skill level 6 in Armour
  5600 | D:6      | Reached skill level 7 in Armour
  5820 | D:6      | Reached skill level 8 in Armour
  6121 | D:7      | Reached skill level 9 in Armour
  6393 | D:7      | Found Wituich's Jewellery Emporium.
  6399 | D:7      | Noticed Joseph
  6414 | D:7      | Killed Joseph
  6414 | D:7      | Reached skill level 10 in Armour
  6414 | D:7      | Reached XP level 9. HP: 55/68 MP: 8/8
  6698 | D:7      | HP: 20/68 [poisoned by a killer bee]
  6704 | D:7      | HP: 18/68 [poisoned by a killer bee]
  6710 | D:7      | HP: 18/68 [poisoned by a killer bee]
  6718 | D:7      | HP: 17/68 [poisoned by a killer bee]
  7280 | D:7      | Reached skill level 11 in Armour
  7542 | D:8      | Noticed mibe's ghost (novice VSBe)
  7548 | D:8      | Killed mibe's ghost
  7548 | D:8      | Reached skill level 3 in Fighting
  7548 | D:8      | Reached skill level 4 in Dodging
  7743 | D:8      | Reached skill level 4 in Fighting
  7847 | D:8      | Found a staircase to the Lair.
  8835 | D:9      | Reached skill level 5 in Fighting
  8929 | D:9      | Found Eweufug's Gadget Emporium.
  8947 | D:9      | Reached skill level 5 in Dodging
  8953 | D:9      | Reached XP level 10. HP: 76/83 MP: 9/9
  9065 | D:9      | Reached * piety under Yredelemnul
  9142 | D:9      | Found a staircase to the Orcish Mines.
  9166 | D:9      | Reached skill level 6 in Fighting
  9687 | D:9      | Reached skill level 11 in Maces & Flails
 10437 | D:10     | Entered Level 10 of the Dungeon
 10714 | D:10     | Found a shimmering altar of Xom.
 10823 | D:10     | Noticed Erolcha
 10886 | D:10     | Noticed a gargoyle
 10886 | D:10     | Noticed a hill giant
 11232 | D:10     | Reached skill level 6 in Dodging
 11296 | D:10     | Reached skill level 7 in Fighting
 11395 | D:10     | Killed a hill giant
 11395 | D:10     | Reached ** piety under Yredelemnul
 11395 | D:10     | Reached skill level 12 in Maces & Flails
 11497 | D:10     | Noticed a brown ugly thing
 12139 | Lair:1   | Entered Level 1 of the Lair of Beasts
 12171 | Lair:1   | Noticed a spiny frog
 12188 | Lair:1   | Killed a spiny frog
 12188 | Lair:1   | Reached skill level 7 in Dodging
 12223 | Lair:1   | Reached skill level 8 in Fighting
 12229 | Lair:1   | Reached XP level 11. HP: 65/94 MP: 10/10
 12542 | Lair:1   | Reached skill level 13 in Maces & Flails
 13722 | Lair:1   | HP: 42/142 [poisoned by a killer bee]
 13728 | Lair:1   | HP: 38/142 [poisoned by a killer bee]
 13735 | Lair:1   | HP: 33/142 [poisoned by a killer bee]
 13740 | Lair:1   | HP: 33/142 [poisoned by a killer bee]
 13747 | Lair:1   | HP: 22/95 [poisoned by a killer bee]
 13755 | Lair:1   | HP: 22/95 [poisoned by a killer bee]
 14124 | Lair:1   | Reached *** piety under Yredelemnul
 14124 | Lair:1   | Reached skill level 8 in Dodging
 14214 | Lair:1   | Reached skill level 9 in Fighting
 14221 | Lair:1   | HP: 29/97 [poisoned by a black mamba]
 14226 | Lair:1   | HP: 26/97 [poisoned by a black mamba]
 14231 | Lair:1   | HP: 26/97 [poisoned by a black mamba]
 14236 | Lair:1   | HP: 25/97 [poisoned by a black mamba]
 14244 | Lair:1   | HP: 25/97 [poisoned by a black mamba]
 15290 | Lair:1   | Received a gift from Yredelemnul
 15297 | Lair:1   | Reached skill level 14 in Maces & Flails
 15310 | Lair:1   | HP: 21/97 [yak (12)]
 15313 | Lair:1   | HP: 6/97 [yak (9)]
 15637 | Lair:1   | Reached skill level 12 in Armour
 15813 | Lair:1   | Reached skill level 1 in Invocations
 16542 | Lair:2   | Noticed Harold
 16542 | Lair:2   | Noticed a six-headed hydra
 17101 | Lair:2   | Killed a six-headed hydra
 17101 | Lair:2   | Reached skill level 2 in Invocations
 17149 | Lair:2   | Reached skill level 10 in Fighting
 17226 | Lair:2   | Got a wavering pewter ring
 17228 | Lair:2   | Identified the ring of the Final Decision {Ice rElec rN+ Str-5 SInv} (You found it on level 2 of the Lair of Beasts)
 17286 | Lair:2   | Reached skill level 9 in Dodging
 17623 | Lair:2   | Killed Harold
 17623 | Lair:2   | Reached skill level 3 in Invocations
 17623 | Lair:2   | Reached XP level 12. HP: 104/107 MP: 13/13
 17669 | Lair:2   | Received a gift from Yredelemnul
 18050 | Lair:3   | Noticed a catoblepas
 18137 | Lair:3   | Found a labyrinth entrance.
 18147 | Lab      | Entered a labyrinth
 18331 | Lab      | Reached skill level 4 in Invocations
 18610 | Lab      | Noticed a minotaur
 18623 | Lab      | HP: 32/108 [minotaur (10)]
 18629 | Lab      | Killed a minotaur
 18638 | Lab      | Got a glittering platinum amulet
 19105 | Lair:3   | Identified the amulet of Wereafaf {RegenMP rF+++ MR- Str+6 Dex-2} (You found it in a labyrinth)
 19173 | Lair:3   | HP: 24/108 [catoblepas (21)]
 19178 | Lair:3   | Killed a catoblepas
 19178 | Lair:3   | Reached skill level 10 in Dodging
 19235 | Lair:3   | Reached skill level 5 in Invocations
 19279 | Lair:3   | HP: 28/108 [yak (6)]
 19283 | Lair:3   | HP: 12/108 [yak (12)]
 19540 | Lair:3   | Reached **** piety under Yredelemnul
 19540 | Lair:3   | Received a gift from Yredelemnul
 19541 | Lair:3   | Noticed an eight-headed hydra
 19565 | Lair:3   | Killed an eight-headed hydra
 20051 | Lair:3   | Noticed Fannar
 20070 | Lair:3   | Killed Fannar
 20455 | Lair:3   | Noticed Nergalle
 20588 | Lair:3   | Reached skill level 11 in Dodging
 20724 | Lair:3   | Noticed Prince Ribbit
 20748 | Lair:2   | Killed Prince Ribbit
 20955 | Lair:2   | Reached skill level 15 in Maces & Flails
 21055 | Lair:3   | Received a gift from Yredelemnul
 21273 | Lair:3   | Killed Nergalle
 21317 | Lair:4   | Noticed johnl023's ghost (journeyman DDFi)
 21328 | Lair:4   | Killed johnl023's ghost
 21416 | Lair:4   | Learned a level 2 spell: Blink
 21418 | Lair:4   | Learned a level 1 spell: Apportation
 21589 | Lair:4   | Received a gift from Yredelemnul
 21728 | Lair:4   | Found a hole to the Spider Nest.
 21740 | Lair:4   | Reached XP level 13. HP: 70/115 MP: 15/15
 21741 | Lair:4   | Received a gift from Yredelemnul
 21758 | Lair:4   | HP: 34/115 [poisoned by a redback]
 21763 | Lair:4   | HP: 32/115 [poisoned by a redback]
 21769 | Lair:4   | HP: 30/115 [poisoned by a redback]
 21775 | Lair:4   | HP: 30/115 [poisoned by a redback]
 21783 | Lair:4   | HP: 31/115 [poisoned by a redback]
 22285 | Lair:4   | Received a gift from Yredelemnul
 22293 | Lair:4   | Reached skill level 12 in Dodging
 22819 | Lair:4   | Received a gift from Yredelemnul
 22963 | Lair:5   | Noticed Josephine
 22970 | Lair:5   | Killed Josephine
 23041 | Lair:5   | Noticed Nessos
 23084 | Lair:5   | Killed Nessos
 23084 | Lair:5   | Reached skill level 16 in Maces & Flails
 23534 | Lair:5   | HP: 26/115 [swamp worm (16)]
 23544 | Lair:5   | HP: 16/115 [swamp worm (13)]
 24370 | Lair:5   | Found a staircase to the Swamp.
 24565 | Lair:6   | HP: 24/115 [electric eel/bolt of electricity (13)]
 24650 | Lair:6   | Found a dark tunnel.
 24877 | Volcano  | Entered a volcano
 24917 | Volcano  | HP: 32/115 [deep elf mage/shard of ice (26)]
 24924 | Volcano  | HP: 20/115 [deep elf mage/bolt of cold (14)]
 24946 | Volcano  | HP: 21/115 [something (5)]
 25318 | Volcano  | Reached skill level 6 in Invocations
 25514 | Lair:6   | Reached ***** piety under Yredelemnul
 25688 | Lair:6   | Received a gift from Yredelemnul
 25736 | Lair:6   | Reached skill level 13 in Dodging
 26309 | Lair:6   | Received a gift from Yredelemnul
 26510 | Lair:7   | Found a staircase to the Slime Pits.
 26571 | Lair:7   | Got a glittering golden amulet
 26722 | Lair:7   | Received a gift from Yredelemnul
 26980 | Lair:7   | Identified the amulet "Vaatodua" {Dismiss Str+3 Dex+2} (You found it on level 7 of the Lair of Beasts)
 27064 | Lair:7   | Received a gift from Yredelemnul
 27262 | Lair:7   | Reached skill level 7 in Invocations
 27564 | Lair:8   | Entered Level 8 of the Lair of Beasts
 27961 | Lair:8   | Reached XP level 14. HP: 84/122 MP: 18/18
 28091 | Lair:8   | Gained mutation: You have a pair of large horns on your head. [potion of beneficial mutation]
 28169 | Lair:8   | Received a gift from Yredelemnul
 28201 | Lair:8   | Reached skill level 17 in Maces & Flails
 28401 | Lair:8   | HP: 33/122 [death yak (14)]
 28402 | Lair:8   | Reached skill level 13 in Armour
 28406 | Lair:8   | HP: 31/122 [death yak (3)]
 28406 | Lair:8   | Reached skill level 8 in Invocations
 28918 | Lair:8   | Identified a +3 rod of ignition (13/13) (You found it on level 8 of the Lair of Beasts)
 29062 | Lair:8   | Received a gift from Yredelemnul
 29543 | D:7      | Bought the amulet "Guiq" {RegenMP rPois MR+ MP+9} for 655 gold pieces
 29543 | D:7      | Bought the ring "Qotytiche" {rF+ EV+3 Stlth+} for 529 gold pieces
 29642 | Orc:1    | Entered Level 1 of the Orcish Mines
 29709 | Orc:1    | You fall through a shaft!
 29709 | Orc:2    | Entered Level 2 of the Orcish Mines
 29734 | Orc:2    | Reached skill level 11 in Fighting
 29762 | Orc:2    | Received a gift from Yredelemnul
 29867 | Orc:2    | Received a gift from Yredelemnul
 30019 | Orc:2    | Found a roughly hewn altar of Beogh.
 30043 | Orc:2    | Found a staircase to the Elven Halls.
 30330 | Orc:1    | Noticed a stone giant
 30339 | Orc:1    | Gained mutation: Armour fits poorly on your strangely shaped body. [helix card]
 30787 | Orc:2    | Received a gift from Yredelemnul
 31369 | Orc:2    | Found Gealuff's Antique Armour Shoppe.
 31369 | Orc:2    | Found Buhyclod's Weapon Shop.
 31459 | Orc:2    | Received a gift from Yredelemnul
 31493 | Orc:2    | Reached skill level 9 in Invocations
 31529 | Orc:2    | HP: 33/125 [orc knight/bolt (10)]
 31534 | Orc:2    | HP: 2/125 [orc knight/bolt (28)]
 31919 | Orc:1    | Killed a stone giant
 31941 | Orc:2    | Reached skill level 14 in Armour
 31954 | Orc:2    | Received a gift from Yredelemnul
 32272 | Orc:2    | Found Toerry's Antique Weapon Emporium.
 32273 | Orc:2    | Found Figomias's Gadget Boutique.
 32400 | Orc:2    | Reached skill level 12 in Fighting
 32403 | Orc:2    | HP: 28/126 [orc warrior/glaive[an orc knight] (14)]
 32785 | D:9      | Received a gift from Yredelemnul
 33247 | D:11     | Received a gift from Yredelemnul
 33277 | D:11     | Found Urchumaf's General Store.
 33282 | D:11     | Bought a potion of agility for 52 gold pieces
 33282 | D:11     | Bought a potion of might for 52 gold pieces
 33282 | D:11     | Bought a scroll of teleportation for 39 gold pieces
 33282 | D:11     | Bought a potion of agility for 52 gold pieces
 33287 | D:11     | Reached ****** piety under Yredelemnul
 34124 | D:12     | Received a gift from Yredelemnul
 34225 | D:12     | Reached XP level 15. HP: 132/132 MP: 21/21
 34259 | D:12     | Reached skill level 10 in Invocations
 34364 | D:12     | Found a portal to a secret trove of treasure.
 34929 | D:13     | Reached skill level 18 in Maces & Flails
 34929 | D:13     | Received a gift from Yredelemnul
 35065 | D:13     | Found a gate to the Vaults.
 35315 | D:13     | Received a gift from Yredelemnul
 35315 | D:13     | Received a gift from Yredelemnul
 35672 | D:14     | Reached skill level 15 in Armour
 35821 | D:14     | Noticed Urug
 35824 | D:14     | Found a flagged portal.
 35840 | D:14     | Killed Urug
 35881 | Bailey   | Entered a bailey
 35955 | Bailey   | Found an iron altar of Okawaru.
 36034 | Bailey   | Received a gift from Yredelemnul
 36074 | Bailey   | Received a gift from Yredelemnul
 36190 | Bailey   | Got a translucent storm dragon armour
 36201 | Bailey   | Identified the +6 storm dragon armour of Honesty {rElec rPois Int+3} (You acquired it in a bailey)
 36300 | Bailey   | Received a gift from Yredelemnul
 36372 | Bailey   | Got a bloodstained dagger
 36590 | D:14     | Lost mutation: You have a pair of large horns on your head. [helix card]
 36591 | D:14     | Lost mutation: Armour fits poorly on your strangely shaped body. [potion of cure mutation]
 36814 | D:14     | Noticed Snorg
 36821 | D:14     | Killed Snorg
 36855 | D:14     | Noticed Louise
 36865 | D:14     | Killed Louise
 36865 | D:14     | Enslaved Louise
 36959 | D:14     | Got a faintly humming chain mail
 36982 | D:14     | Identified the cursed +1 chain mail of Dishonesty {rElec rN+ Regen+} (You found it on level 14 of the Dungeon)
 37230 | D:14     | Reached skill level 11 in Invocations
 37317 | D:15     | Entered Level 15 of the Dungeon
 37695 | D:15     | Found a staircase to the Depths.
 38335 | Spider:1 | Entered Level 1 of the Spider Nest
 38394 | Spider:1 | Received a gift from Yredelemnul
 38423 | Spider:1 | Gained mutation: You are resistant to electric shocks. [potion of beneficial mutation]
 39255 | Spider:2 | Reached skill level 16 in Armour
 39264 | Spider:2 | Reached skill level 19 in Maces & Flails
 39302 | Spider:2 | Reached XP level 16. HP: 139/139 MP: 23/23
 39392 | Spider:2 | Received a gift from Yredelemnul
 39556 | Spider:2 | Reached skill level 12 in Invocations
 39939 | Spider:3 | Found a frozen archway.
 39940 | Spider:3 | Noticed Mara
 39945 | Spider:3 | Noticed sorlin's illusion
 39955 | Spider:3 | Your ally Louise died
 39955 | Spider:3 | HP: 24/139 [Mara/bolt of fire (21)]
 39958 | IceCv    | Entered an ice cave
 39960 | IceCv    | HP: 24/139 [poisoned by Mara]
 39967 | IceCv    | HP: 24/139 [poisoned by Mara]
 39975 | IceCv    | HP: 25/139 [poisoned by Mara]
 41764 | IceCv    | Noticed an Ice Fiend
 41773 | IceCv    | Killed an Ice Fiend
 41801 | IceCv    | Got an ichor-stained spear
 42146 | Spider:3 | Killed Mara
 42146 | Spider:3 | Enslaved Mara
 42302 | Spider:3 | Noticed Arachne
 42315 | Spider:3 | Killed Arachne
 42316 | Spider:3 | Received a gift from Yredelemnul
 42322 | Spider:3 | HP: 41/139 [poisoned by Arachne]
 42328 | Spider:3 | HP: 38/139 [poisoned by Arachne]
 42334 | Spider:3 | HP: 37/139 [poisoned by Arachne]
 42340 | Spider:3 | HP: 37/139 [poisoned by Arachne]
 42348 | Spider:3 | HP: 37/139 [poisoned by Arachne]
 43010 | Spider:3 | Received a gift from Yredelemnul
 43543 | Spider:4 | Entered Level 4 of the Spider Nest
 43550 | Spider:4 | Received a gift from Yredelemnul
 43705 | Spider:4 | Reached skill level 13 in Invocations
 43728 | Spider:4 | Reached skill level 17 in Armour
 43741 | Spider:4 | Reached skill level 20 in Maces & Flails
 43852 | Spider:4 | Received a gift from Yredelemnul
 43889 | Spider:4 | HP: 37/139 [emperor scorpion (11)]
 44238 | Spider:4 | Got a gossamer rune of Zot
 44357 | Spider:4 | Received a gift from Yredelemnul
 44733 | Spider:4 | Reached XP level 17. HP: 147/148 MP: 26/26
 45035 | Swamp:1  | Entered Level 1 of the Swamp
 45373 | Swamp:1  | Received a gift from Yredelemnul
 45489 | Swamp:1  | Reached skill level 13 in Fighting
 45731 | Swamp:2  | Noticed Aizul
 45748 | Swamp:2  | Killed Aizul
 45762 | Swamp:2  | HP: 44/149 [poisoned by Aizul (poison arrow)]
 45767 | Swamp:2  | HP: 37/149 [poisoned by Aizul (poison arrow)]
 45772 | Swamp:2  | HP: 33/149 [poisoned by Aizul (poison arrow)]
 45777 | Swamp:2  | HP: 30/149 [poisoned by Aizul (poison arrow)]
 45782 | Swamp:2  | HP: 28/149 [poisoned by Aizul (poison arrow)]
 45789 | Swamp:2  | HP: 28/149 [poisoned by Aizul (poison arrow)]
 45796 | Swamp:2  | HP: 28/149 [poisoned by Aizul (poison arrow)]
 45804 | Swamp:2  | HP: 29/149 [poisoned by Aizul (poison arrow)]
 46072 | Swamp:2  | Noticed Frances
 46081 | Swamp:2  | Noticed Donald
 46084 | Swamp:2  | Killed Frances
 46090 | Swamp:2  | Killed Donald
 46147 | Swamp:2  | Received a gift from Yredelemnul
 46805 | Swamp:3  | Reached skill level 14 in Invocations
 46859 | Swamp:3  | Reached skill level 18 in Armour
 47351 | Swamp:4  | Entered Level 4 of the Swamp
 47351 | Swamp:4  | Noticed Jorgrun
 47384 | Swamp:4  | Received a gift from Yredelemnul
 47443 | Swamp:4  | Received a gift from Yredelemnul
 47586 | Swamp:4  | Killed Jorgrun
 47587 | Swamp:4  | Reached skill level 14 in Fighting
 47904 | Swamp:4  | Received a gift from Yredelemnul
 47957 | Swamp:4  | Got a decaying rune of Zot
 48149 | Swamp:4  | Received a gift from Yredelemnul
 48184 | Swamp:4  | HP: 29/154 [spriggan berserker/antimagic flail (35)]
 48184 | Swamp:4  | HP: 9/154 [spriggan berserker/antimagic flail (20)]
 49228 | Elf:1    | Entered Level 1 of the Elven Halls
 49241 | Elf:1    | Received a gift from Yredelemnul
 49344 | Elf:1    | Received a gift from Yredelemnul
 49645 | Elf:1    | Reached XP level 18. HP: 155/161 MP: 28/28
 49701 | Elf:1    | Identified the Volume of Dark Rites
 49706 | Elf:1    | Learned a level 3 spell: Regeneration
 50005 | Elf:1    | Reached skill level 15 in Fighting
 50152 | Elf:1    | Reached skill level 19 in Armour
 50327 | Elf:2    | Reached skill level 1 in Evocations
 50369 | Elf:2    | Reached skill level 15 in Invocations
 50369 | Elf:2    | Received a gift from Yredelemnul
 50372 | Elf:2    | Reached skill level 2 in Evocations
 50482 | Elf:2    | Noticed an Ice Fiend
 50554 | Elf:2    | Learned a level 2 spell: Passwall
 50749 | Elf:2    | Reached skill level 3 in Evocations
 50842 | Elf:2    | Found a runed gate.
 50842 | Elf:2    | Found a runed gate.
 50842 | Elf:2    | Found a runed gate.
 51400 | Elf:2    | Reached skill level 4 in Evocations
 51461 | Elf:3    | Entered Level 3 of the Elven Halls
 51625 | Elf:3    | Found Kasa's General Store.
 51634 | Elf:3    | Bought 2 potions of might for 120 gold pieces
 51634 | Elf:3    | Bought a scroll of blinking for 112 gold pieces
 51972 | Elf:3    | Reached skill level 5 in Evocations
 51995 | Elf:3    | Received a gift from Yredelemnul
 51998 | Elf:3    | Reached skill level 20 in Armour
 52006 | Elf:3    | Reached skill level 6 in Evocations
 52013 | Elf:3    | Reached XP level 19. HP: 76/170 MP: 8/29
 52313 | Elf:3    | Got a sparkling brass ring
 52314 | Elf:3    | Identified the ring "Ceukheg" {AC+2 Int+8} (You took it off a deep elf high priest on level 3 of the Elven Halls)
 52386 | Elf:3    | Reached skill level 16 in Invocations
 52392 | Elf:3    | Got a crystal short sword {flame}
 52485 | Elf:3    | Got a vibrating lead amulet
 52486 | Elf:3    | Identified the amulet of the Slug {Inacc +Fly rF+} (You found it on level 3 of the Elven Halls)
 52512 | Elf:3    | Got an ancient scale mail
 52562 | Elf:3    | Identified Nadoumoa's Guide on Quantum Stones
 52581 | Elf:3    | Got a translucent hand axe
 52590 | Elf:3    | Got a faintly glowing dire flail
 52785 | Elf:3    | Got a brightly glowing robe
 53481 | Slime:1  | Entered Level 1 of the Pits of Slime
 53761 | Slime:2  | Reached skill level 7 in Evocations
 53762 | Slime:2  | Received a gift from Yredelemnul
 53958 | Slime:2  | Received a gift from Yredelemnul
 53981 | Slime:2  | HP: 50/170 [acid (10)]
 53982 | Slime:2  | Reached skill level 8 in Evocations
 54370 | Slime:3  | Gained mutation: You expend magic power (3 MP) to strengthen your wands. [a shining eye]
 54696 | Slime:6  | Entered Level 6 of the Pits of Slime
 54715 | Slime:6  | Reached skill level 9 in Evocations
 54890 | Slime:6  | Noticed the Royal Jelly
 54898 | Slime:6  | Killed the Royal Jelly
 54898 | Slime:6  | Reached skill level 10 in Evocations
 54899 | Slime:6  | Your ally died
 55007 | Slime:5  | Your ally Mara died
 55657 | Slime:6  | Received a gift from Yredelemnul
 55822 | Slime:6  | Killed a bone dragon
 56101 | Slime:6  | Received a gift from Yredelemnul
 56104 | Slime:6  | Reached skill level 11 in Evocations
 56138 | Slime:6  | HP: 43/169 [azure jelly (18)]
 56555 | Slime:6  | Killed a bone dragon
 56703 | Slime:6  | Killed a bone dragon
 57165 | Slime:6  | HP: 39/170 [acid (13)]
 57166 | Slime:6  | HP: 17/170 [acid blob (17)]
 57166 | Slime:6  | HP: 7/170 [acid (10)]
 57173 | Slime:5  | HP: 5/170 [acid blob (23)]
 57173 | Slime:5  | Splashed by an acid blob's acid

Vault maps used:
D:1:      sevenhm_arrival_forest_fort_large_4, grunt_decor_mini_mirrors,
          minmay_stone_trees_small
D:2:      vehumet_crystals, first_bread, uniq_terence, uniq_crazy_yiuf_cottage
D:3:      lemuel_statue_altar
D:4:      serial_shops, kennysheep_mini_moat, shop, fedhas_altar_2
D:5:      tso_oasis_becter, temple_green
D:7:      serial_shops, nicolae_shop_statue_plus, grunt_ogre_cave, uniq_joseph
D:8:      lair_0_dummy
D:9:      kennysheep_orc_monster_closet_entryway, serial_shops,
          kennysheep_little_box, minmay_misc_feat_columns, st_stairs_10
D:10:     tgw_xom, uniq_erolcha
D:11:     serial_shops, shop
D:12:     enter_trove_0
D:13:     david_vaults_5, bh_walls_and_bars
D:14:     enter_bailey_2, uniq_urug, uniq_louise, uniq_snorg
D:15:     hangedman_depths_entry_try_elsewhere_first, serial_column_ruins,
          column_ruins_open_small, column_ruins_open_small_water,
          column_ruins_grid_1, column_ruins_grid_2, column_ruins_open_small
Temple:   nicolae_temple_no_exploring_needed
Lair:1:   special_room, minmay_stone_trees_medium, grunt_megastairs_4,
          lemuel_fruit_tree
Lair:2:   uniq_harold
Lair:3:   lab_entry_generic, uniq_nergalle, uniq_fannar, uniq_prince_ribbit2
Lair:4:   spider_nest_entry_funnel_web, beast_lair_carwin_10
Lair:5:   minmay_swamp_entry_worms, nicolae_quartered_pool_little, worms_lemuel,
          uniq_nessos, uniq_josephine
Lair:6:   enter_volcano_2, serial_bayou_shore_a
Lair:7:   slime_dummy
Lair:8:   evilmike_catoblepas_cave
Swamp:1:  serial_swamp_ruin, evilmike_swamp_ruin_rubble_2,
          evilmike_swamp_ruin_house_2, evilmike_swamp_ruin_house_3, swamp_pool3,
          nicolae_swamp_baby_hydras
Swamp:2:  evilmike_swamp_ruin_house_1, swamp_pool1, hangedman_swamp_lotus,
          uniq_aizul, uniq_frances, uniq_donald
Swamp:3:  nicolae_swamp_very_dense_foliage, swamp_pool1,
          infiniplex_staircase_pool
Swamp:4:  swamp_basic_johnstein, uniq_jorgrun
Spider:1: nicolae_crawler_farm
Spider:3: nicolae_spider_corner, portal_ice_cave_entry_imps, spider_trap,
          hangedman_spider_tarantella_strand, uniq_arachne, uniq_mara
Spider:4: grunt_spider_rune_circles
Orc:2:    st_orc_rangers, mines2_david
Elf:1:    minmay_elf_arrival_summoners, minmay_elf_necromancy
Elf:3:    minmay_elf_hall_circle, serial_shops, nicolae_shop_waterfront
Lab:      labyrinth_hidden_loot, nicolae_lab_hexagon, lab_fountain,
          nicolae_lab_big_swirl, nicolae_lab_arrow, lab_hedge
Bailey:   bailey_axe_of_yendor_kennysheep, bailey
IceCv:    ice_cave_tombish
Volcano:  volcano_village

Action                   |  1- 3 |  4- 6 |  7- 9 | 10-12 | 13-15 | 16-18 | 19-21 || total
-------------------------+-------+-------+-------+-------+-------+-------+-------++-------
Melee: Flail             |    69 |   155 |    77 |  1044 |   951 |       |       ||  2296
       Quarterstaff      |       |       |   248 |    31 |       |       |       ||   279
       Lajatang          |       |       |       |    55 |       |       |       ||    55
       Great mace        |       |       |       |       |   759 |  1113 |   268 ||  2140
       Demon blade       |       |       |       |       |       |     3 |       ||     3
Throw: Throwing net      |       |       |     1 |     4 |       |     4 |       ||     9
Invok: Recall Undead Sla |       |       |       |       |    14 |    11 |    12 ||    37
       Drain Life        |       |       |       |       |     2 |    25 |     3 ||    30
       Injury Mirror     |       |       |       |       |     1 |       |     1 ||     2
       Animate Dead      |       |       |       |       |     1 |       |       ||     1
       Enslave Soul      |       |       |       |       |     1 |     1 |       ||     2
Evoke: Wand              |       |       |       |     8 |    13 |     1 |       ||    22
       Deck              |       |       |       |       |     4 |       |       ||     4
       Fan of gales      |       |       |       |       |       |     1 |       ||     1
       Sack of spiders   |       |       |       |       |       |       |     6 ||     6
       Box of beasts     |       |       |       |       |       |       |     2 ||     2
       Lamp of fire      |       |       |       |       |       |       |     1 ||     1
  Use: Scroll            |       |       |    11 |    19 |    25 |    14 |    10 ||    79
       Potion            |       |       |       |     7 |    11 |     6 |     3 ||    27
 Stab: Paralysed         |       |       |     3 |       |     1 |       |       ||     4
       Petrified         |       |       |     1 |       |       |       |       ||     1
       Confused          |       |       |     2 |       |     5 |       |       ||     7
       Petrifying        |       |       |     1 |       |       |       |       ||     1
       Invisible         |       |       |       |     2 |     4 |       |       ||     6
       Held in net/web   |       |       |       |     3 |       |     3 |       ||     6
       Distracted        |       |       |       |     6 |    21 |    20 |     3 ||    50
  Eat: Chunk             |       |    22 |    14 |    50 |    47 |     7 |     4 ||   144
       Pizza             |       |       |       |     1 |     3 |       |       ||     4
       Fruit             |       |       |       |     4 |     3 |    30 |       ||    37
       Royal jelly       |       |       |       |     1 |     4 |       |       ||     5
       Beef jerky        |       |       |       |       |     1 |       |       ||     1
       Bread ration      |       |       |       |       |       |     4 |     3 ||     7
